 Dungeon Crawl Stone Soup version 0.27-a0-1116-g91b3acb402 (webtiles) character file.

Game seed: 15746500850325012034

55 spiderkeys the Gusty (level 3, -4/20 HPs)
             Began as a Tengu Air Elementalist on May 2, 2021.
             Slain by a gnoll
             ... wielding a +0 flail
              (12 damage)
             ... on level 2 of the Dungeon.
             The game lasted 00:02:31 (1530 turns).

spiderkeys the Gusty (Tengu Air Elementalist)       Turns: 1530, Time: 00:02:32

Health: -4/20      AC:  2    Str:  8    XL:     3   Next: 93%
Magic:  7/7        EV: 12    Int: 16    God:
Gold:   40         SH:  0    Dex: 14    Spells: 5/6 levels left

rFire    . . .     SeeInvis .   c - +0 dagger
rCold    . . .     Faith    .   (no shield)
rNeg     . . .     Spirit   .   a - +0 robe
rPois    .         Reflect  .   (helmet restricted)
rElec    .         Harm     .   (no cloak)
rCorr    .         Rampage  .   (no gloves)
Will     .....                  (boots unavailable)
Stlth    ++........             (no amulet)
HPRegen  0.06/turn              (no ring)
MPRegen  0.10/turn              (no ring)

@: no status effects
A: beak, talons 3
a: no special abilities


You were on level 2 of the Dungeon.
You visited 1 branch of the dungeon, and saw 2 of its levels.

You collected 40 gold pieces.


Innate Abilities, Weirdness & Mutations

You have a beak for a mouth.
You have claws for feet.


   Skills:
 + Level 1.3 Fighting
 + Level 2.7 Dodging
 - Level 2.0 Stealth
 + Level 2.4 Spellcasting
 + Level 2.5 Conjurations
 + Level 4.5 Air Magic


You had 5 spell levels left.
You knew the following spells:

 Your Spells              Type           Power      Damage    Failure   Level
z - Shock                 Conj/Air       52%        1d6       4%          1

Your spell library contained the following spells:

 Spells                   Type           Power      Damage    Failure   Level
 Static Discharge         Conj/Air       13%        N/A       7%          2
 Swiftness                Air            16%        N/A       10%         3
 Airstrike                Air            8%         N/A       30%         4
 Lightning Bolt           Conj/Air       6%         1d18      78%         5

Inventory:

Hand Weapons
 c - a +0 dagger (weapon)
   (You took it off a goblin on level 1 of the Dungeon)
Missiles
 b - 66 stones
 h - 52 bolts
Armour
 a - a +0 robe (worn)
 i - a +2 buckler
   (You found it on level 1 of the Dungeon)
Potions
 d - a potion of haste {unknown}
 e - a potion of magic
 g - a potion of lignification {!q}

Dungeon Overview and Level Annotations

Branches:
Dungeon (2/15)

Altars:

Shops:
D:1

( ######## ###### #......#
#....# #......##### ##..#.##
######..........# #.###..#
#..g@#......###.### ##..##.#
#.##.####....#.g..# ####.#.#
#.#.g#######......#
##..##.######.#..#.......###..#
#.####...........#...#.#.#....#
##..#####.###.######.###.#.##g#
.###.# #..#...g...g.....#. .)#
##..## ##.#..##...#.##### #g##
#)### .#..##...#.# #.


You could see 2 gnolls.


Message History

You now have 40 gold pieces (gained 10).
Found a stone staircase leading down. 😎 MP[+2]
Your mp is fully restored (7).
A bat comes into view.
The zap hits the bat.
You kill the bat! 😎 MP[-1]
You lost 1 mp, and now have 6/7 mp.
h - 52 bolts (gained 25)
An adder comes into view. 😎 MP[+1]
Your mp is fully restored (7).
The zap hits the adder.
The adder hisses angrily. 😎 MP[-1]
You lost 1 mp, and now have 6/7 mp.
The zap hits the adder.
You kill the adder! 😎 MP[-1]
You lost 1 mp, and now have 5/7 mp.
A dart slug comes into view. 😎 MP[+2]
Your mp is fully restored (7).
A dart slug is nearby!
The zap hits the dart slug. 😎 MP[-1]
You lost 1 mp, and now have 6/7 mp.
The zap hits the dart slug. 😎 MP[-1]
You lost 1 mp, and now have 5/7 mp.
The zap hits the dart slug.
You kill the dart slug! 😎 MP[-1]
You lost 1 mp, and now have 4/7 mp.
You see here a +0 dagger.
b - 66 stones (gained 17)
A bat comes into view. 😎 MP[+3]
Your mp is fully restored (7).
The zap hits the bat. 😎 MP[-1]
You lost 1 mp, and now have 6/7 mp.
You can't see any susceptible monsters within range! (Use Z to cast anyway.)
A bat is nearby!
The zap hits the bat.
You kill the bat! 😎 MP[-1]
You lost 1 mp, and now have 5/7 mp.
Found a stone staircase leading up. 😎 MP[+2]
Your mp is fully restored (7).
d - a metallic coppery potion 3 gnolls come into view.
The zap hits the gnoll but does no damage.
The zap hits the gnoll.
The gnoll shouts! x2 😎 MP[-1]
You lost 1 mp, and now have 6/7 mp.
The zap hits the gnoll. x2 😎 MP[-1]
You lost 1 mp, and now have 5/7 mp.
The zap hits the gnoll.
The zap hits the gnoll but does no damage.
The gnoll closely misses you. 😎 MP[-1]
You lost 1 mp, and now have 4/7 mp.
The zap hits the gnoll. x2; The gnoll closely misses you. 😎 MP[-1]
You lost 1 mp, and now have 3/7 mp.
The zap hits the gnoll.
You kill the gnoll! 😎 MP[-1]
You lost 1 mp, and now have 2/7 mp.
The zap misses the gnoll.
The zap hits the gnoll.
The gnoll barely misses you. 😎 MP[-1]
You lost 1 mp, and now have 1/7 mp.
The zap hits the gnoll.
The zap misses the gnoll. 😎 MP[-1]
You lost 1 mp, and now have 0/7 mp. 😎 MP[+1] 😎 MP[+1]
There is a stone staircase leading up here.
You climb upwards.
There is a stone staircase leading down here. 😎 MP[+1]
You start resting. 😎 MP[+4]
Your mp is fully restored (7).
You climb downwards.
The gnoll closely misses you. The gnoll hits you with a +0 flail!
Ouch! That really hurt!
* * * LOW HITPOINT WARNING * * *
There is a stone staircase leading up, spattered with blood here. 😨 HP[-12]
You take 12 damage, and now have 8/20 hp.
MASSIVE DAMAGE!! (PAUSE)
The gnoll hits you with a +0 flail!
Ouch! That really hurt!
You die...

Skill      XL: |  1  2 |
---------------+-------+-----
Fighting       | 1 |  1.3
Conjurations   | 2 |  2.5
Dodging        | |  2.7
Stealth        | |  2.0
Spellcasting   | |  2.4
Air Magic      | |  4.5

Action                   || total
-------------------------++-------
Melee: Unarmed           ||     3
       Kick              ||     1
       Peck              ||     1
 Cast: Shock             ||    47
  Use: Scroll            ||     3
Dodge: Dodged            ||    14

Levels and vault maps discovered:
D:1:      kb_arrival_jail, layout_loops_ring, serial_shops,
          nicolae_shop_crystal, ebering_ecumenical_altar_ruins
D:2:      minmay_alternating_diamond, layout_basic, minmay_strange_pillars,
          chequers_serial_rivers_micro_c, grunt_decor_resistance

Notes
Turn   | Place    | Note
-------+----------+-------------------------------------------
     0 | D:1      | spiderkeys the Tengu Air Elementalist began the quest for
                  | the Orb.
     0 | D:1      | Reached XP level 1. HP: 10/10 MP: 4/4
     0 | D:1      | magus.rc [v1.9.10]
     2 | D:1      | Noticed a centaur
     4 | D:1      | Noticed a demigod
     4 | D:1      | Noticed a spriggan
     6 | D:1      | Noticed an ogre
     6 | D:1      | Noticed an octopode
     8 | D:1      | Noticed a minotaur
    10 | D:1      | Noticed a vampire
    10 | D:1      | Noticed a merfolk
    12 | D:1      | Noticed a felid
    12 | D:1      | Noticed a human
    14 | D:1      | Noticed a ghoul
    16 | D:1      | Noticed a troll
    16 | D:1      | Noticed a demonspawn
    18 | D:1      | Noticed a tengu
    18 | D:1      | Noticed a draconian
    20 | D:1      | Noticed a gargoyle
    20 | D:1      | Noticed a formicid
    22 | D:1      | Noticed a naga
    22 | D:1      | Noticed a dwarf
    24 | D:1      | Noticed an elf
    24 | D:1      | Noticed a vine stalker
    26 | D:1      | Noticed a palentonga
    26 | D:1      | Noticed a barachi
    68 | D:1      | Found Pochese's Antique Weapon Shop.
   129 | D:1      | Found a faded altar of an unknown god.
   281 | D:1      | Reached XP level 2. HP: 16/16 MP: 3/6
  1092 | D:2      | Reached skill level 1 in Fighting
  1092 | D:2      | Reached skill level 2 in Conjurations
  1092 | D:2      | Reached XP level 3. HP: 20/20 MP: 1/7
  1530 | D:2      | Slain by a gnoll

Vanquished Creatures
  2 adders (D:2)
  A gnoll (D:2)
  A dart slug (D:2)
  4 endoplasms
  A giant cockroach (D:1)
  2 jackals (D:1)
  3 ball pythons
  4 bats
  A frilled lizard (D:1)
  3 goblins (D:1)
  3 rats
25 creatures vanquished.

Table legend:
 A = Non-vault XP
 B = Vault XP
 C = Vault XP percentage of total XP
 D = Non-vault monster count
 E = Vault monster count
 F = Vault count percentage of total count
                 A         B        C        D         E       F
            +---------+---------+-------+---------+---------+-------
      Total |      61 |      18 |  22.8 |      22 |       3 |  12.0
            +---------+---------+-------+---------+---------+-------
        D:1 |      24 |       0 |   0.0 |      15 |       0 |   0.0
        D:2 |      37 |      18 |  32.7 |       7 |       3 |  30.0
            +---------+---------+-------+---------+---------+-------

Illustrated notes

Table legend:
 A = Kills in this place as a percentage of kills in entire the game.
 B = Kills by you in this place as a percentage of kills by you in the entire game.
 C = Kills by friends in this place as a percentage of kills by friends in the entire game.
 D = Other kills in this place as a percentage of other kills in the entire game.
 E = Experience gained in this place as a percentage of experience gained in the entire game.
 F = Experience gained in this place divided by the number of levels of this place that you have seen.
                   A       B       C       D       E      F
               +-------+-------+-------+-------+-------+----------------------
         Total | 100.0 | 100.0 |   N/A |   N/A | 100.0 |  39.5
       Dungeon | 100.0 | 100.0 |   N/A |   N/A | 100.0 |  39.5
               +-------+-------+-------+-------+-------+----------------------

Table legend: (Time is in decaauts)
 A = Elapsed time spent in this place.
 B = Non-inter-level travel time spent in this place.
 C = Inter-level travel time spent in this place.
 D = Time resting spent in this place.
 E = Time spent auto-exploring this place.
 F = Levels seen in this place.
 G = Mean time per level.
                   A        B        C        D        E       F      G
               +--------+--------+--------+--------+--------+-----+--------+
         Total |   1530 |   1488 |     42 |     38 |   1303 |   2 |  765.0 |
       Dungeon |   1530 |   1488 |     42 |     38 |   1303 |   2 |  765.0 |
               +--------+--------+--------+--------+--------+-----+--------+

Top non-repeatable levels by time:
     D:1: 1025 daAuts
     D:2: 505 daAuts
